 Dungeon Crawl Stone Soup version 0.31-a0-229-g1fc7ce93e2 (webtiles) character file.

Game seed: 14974774043035699835

9 qw the Shooter (level 2, 0/23 HPs)
             Began as a Minotaur Hexslinger on July 6, 2023.
             Slain by a worm (2 damage)
             ... on level 2 of the Dungeon.
             The game lasted 00:00:10 (439 turns).

qw the Shooter (Minotaur Hexslinger)                 Turns: 439, Time: 00:00:10

Health: 0/23       AC:  5    Str: 12    XL:     2   Next: 6%
Magic:  2/2        EV: 10    Int: 10    God:
Gold:   58         SH:  0    Dex: 12    Spells: 2/3 levels left

rFire   . . .        a - +1 sling
rCold   . . .        (no shield)
rNeg    + . .        g - +0 ring mail
rPois   .            (helmet restricted)
rElec   .            (no cloak)
rCorr   .            (no gloves)
SInv    .            (no boots)
Will    .....        (no amulet)
Stlth   +            f - ring of positive energy
HPRegen 0.23/turn    (no ring)
MPRegen 0.08/turn

%: no passive effects
@: no status effects
A: horns 2, retaliatory headbutt
a: no special abilities


You were on level 2 of the Dungeon.
You visited 1 branch of the dungeon, and saw 2 of its levels.

You collected 58 gold pieces.


Innate Abilities, Weirdness & Mutations

You have a pair of horns on your head.
You reflexively headbutt those who attack you in melee.


   Skills:
 + Level 1.3 Fighting
 - Level 3.1 Ranged Weapons
 - Level 2.1 Dodging
 - Level 1.0 Spellcasting
 - Level 2.0 Hexes


You had 2 spell levels left.
You knew the following spells:

 Your Spells              Type           Power      Damage    Failure   Level
a - Slow                  Hex            16%        N/A       34%         1

Your spell library contained the following spells:

 Spells                   Type           Power      Damage    Failure   Level
 Inner Flame              Hex/Fire       2%         N/A       83%         3
 Portal Projectile        Hex/Tloc       4%         N/A       83%         3
 Cause Fear               Hex            2%         N/A       98%         4

Inventory:

Hand Weapons
 a - a +1 sling (weapon)
Armour
 g - a +0 ring mail (worn)
Jewellery
 f - a ring of positive energy (left hand)
Scrolls
 b - a scroll of teleportation {unknown}
Potions
 d - a potion of curing {unknown}
 h - a potion of attraction {unknown}

Dungeon Overview and Level Annotations

Branches:
Dungeon (2/15)

Altars:


Message History

You climb downwards.
There is a stone staircase leading up here.
Waypoint 1 assigned to D:2.
Found a stone staircase leading down.
Found a robe.
b - a scroll labelled JINKEANGEO A worm comes into view.
The worm moves out of view.
You shoot a sling bullet. The sling bullet hits the worm.
The worm is lightly wounded.
You shoot a sling bullet.
The sling bullet barely misses the worm.
You shoot a sling bullet. The sling bullet hits the worm.
The worm is lightly wounded.
The worm misses you. You furiously retaliate!
You headbutt the worm. You shoot a sling bullet.
The sling bullet hits the worm.
The worm is moderately wounded.
The worm bites you.
You shoot a sling bullet.
The sling bullet hits the worm but does no damage.
The worm is moderately wounded.
The worm completely misses you.
You shoot a sling bullet. The sling bullet hits the worm.
The worm is moderately wounded.
The worm bites you.
You shoot a sling bullet.
The sling bullet barely misses the worm.
You shoot a sling bullet.
The sling bullet barely misses the worm.
The worm bites you.
You shoot a sling bullet. The sling bullet hits the worm.
The worm is moderately wounded.
The worm bites you.
You shoot a sling bullet. The sling bullet hits the worm.
The worm is heavily wounded.
The worm bites you!
You shoot a sling bullet. The sling bullet hits the worm.
The worm is heavily wounded.
The worm bites you.
You die...

##########
#........#
#.######.# #.# #.#
#.######.##
#@##......#
#.w##.###..#####
................#
#......[.....###.#
#.......###..# #.#
###.##### #..###.#
#.#######......#
#...>.....####.#
#######.# #.#


You could see a worm.

Vanquished Creatures
  2 endoplasms (D:1)
  A goblin (D:1)
  A kobold (D:1)
  A ball python (D:1)
  A bat (D:1)
  A frilled lizard (D:1)
  3 rats (D:1)
10 creatures vanquished.

Notes
Turn   | Place    | Note
-------+----------+-------------------------------------------
     0 | D:1      | qw the Minotaur Hexslinger began the quest for the Orb.
     0 | D:1      | Reached XP level 1. HP: 16/16 MP: 1/1
     0 | D:1      | 0 ||| qw: Version: 0.3-a-46-gb1f654a
     0 | D:1      | 0 ||| qw: Game counter: 1673
     0 | D:1      | 0 ||| qw: Melee chars always use a shield: true
     0 | D:1      | 0 ||| qw: God list: Okawaru
     0 | D:1      | 0 ||| qw: Allow faded altars: false
     0 | D:1      | 0 ||| qw: Do Orc after clearing Dungeon:15 true
     0 | D:1      | 0 ||| qw: Do second Lair branch before Depths: true
     0 | D:1      | 0 ||| qw: Lair rune preference: random
     0 | D:1      | 0 ||| qw: Goals: Normal
     0 | D:1      | 0 ||| PLANNING D:1-11
   162 | D:1      | Reached skill level 3 in Ranged Weapons
   162 | D:1      | Reached XP level 2. HP: 23/23 MP: 2/2
   328 | D:1      | 328 ||| UPGRADING to +0 leather armour.
   338 | D:1      | 338 ||| DROPPING +0 robe.
   339 | D:1      | 339 ||| UPGRADING to +0 ring mail.
   349 | D:1      | 349 ||| DROPPING +0 leather armour.
   350 | D:1      | 350 ||| UPGRADING to ring of positive energy.
   351 | D:1      | 351 ||| DROPPING scroll of poison.
   438 | D:2      | HP: 2/23 [worm (10)]
   439 | D:2      | Slain by a worm

Levels and vault maps discovered:
D:1:      minmay_arrival_doors, layout_rooms
D:2:      layout_loops_corners, basic_altar, chequers_arboretum, minivault_24

Skill      XL: |  1 |
---------------+----+-----
Ranged Weapons | 3 |  3.1
Fighting       | |  1.3
Dodging        | |  2.1
Spellcasting   | |  1.0
Hexes          | |  2.0

Action                     || total
---------------------------++-------
   Fire: Sling             ||    30
  Dodge: Dodged            ||     5

Table legend:
 A = Non-vault XP
 B = Vault XP
 C = Vault XP percentage of total XP
 D = Non-vault monster count
 E = Vault monster count
 F = Vault count percentage of total count
                 A         B        C        D         E       F
            +---------+---------+-------+---------+---------+-------
      Total |      14 |       0 |   0.0 |      10 |       0 |   0.0
            +---------+---------+-------+---------+---------+-------
        D:1 |      14 |       0 |   0.0 |      10 |       0 |   0.0
            +---------+---------+-------+---------+---------+-------
